 Dungeon Crawl Stone Soup version 0.24.0-1-gfbc8707 (webtiles) character file.

Game seed: 8629659777620247011, levelgen mode: deterministic

4335 Nithhogg the Fighter (level 10, -24/87 HPs)
             Began as a Barachi Fighter on Oct 29, 2019.
             Was a Priest of Cheibriados.
             Killed from afar by a hungry ghost (46 damage)
             ... with an exploding inner flame
             ... hexed by the player character
             ... on level 8 of the Dungeon.
             The game lasted 00:28:22 (9163 turns).

Nithhogg the Fighter (Barachi Fighter)              Turns: 9163, Time: 00:28:22

Health: -24/87     AC: 13    Str: 27    XL:     10   Next: 33%
Magic:  12/14      EV: 10    Int: 14    God:    Cheibriados [***...]
Gold:   332        SH:  2    Dex: 18    Spells: 9/9 levels left

rFire    . . .     SeeInvis .   a - +1 flail (elec)
rCold    . . .     Gourm    .   (no shield)
rNeg     + . .     Faith    .   v - +3 ring mail
rPois    .         Spirit   .   m - +1 helmet
rElec    .         Reflect  +   (no cloak)
rCorr    .         Harm     .   q - +0 pair of gloves
MR       .....                  (no boots)
Stlth    +.........             K - +2 amulet of reflection
HPRegen  0.24/turn              F - ring of positive energy
MPRegen  0.14/turn              (no ring)

@: can't hop, very slightly contaminated, very slow
A: +LOS, swims, slowness 1, strong legs 1
a: Hop, Bend Time, Temporal Distortion, Renounce Religion


You were on level 8 of the Dungeon.
You worshipped Cheibriados.
Cheibriados was most pleased with you.
You were very hungry.

You visited 2 branches of the dungeon, and saw 9 of its levels.
You also visited: Ossuary.

You collected 464 gold pieces.
You spent 132 gold pieces at shops.

Inventory:

Hand Weapons
 a - a +1 flail of electrocution (weapon)
 M - a +2 antimagic war axe
Armour
 b - a +0 scale mail
 c - a +0 shield
 m - a +1 helmet (worn)
 q - a +0 pair of gloves (worn)
 v - a +3 ring mail (worn)
 H - a +1 scale mail of cold resistance
Jewellery
 F - a ring of positive energy (left hand)
 K - a +2 amulet of reflection (around neck)
Wands
 y - a wand of flame (2)
 B - a wand of polymorph (8)
 E - a wand of acid (3)
Scrolls
 e - 3 scrolls of identify
 g - 3 scrolls of teleportation
 n - 5 scrolls of fear
 o - 5 scrolls of remove curse
 r - 2 scrolls of amnesia
 s - 2 scrolls of enchant weapon
 t - 2 scrolls of immolation
 u - 2 scrolls of enchant armour
 A - a scroll of noise
Potions
 d - 3 potions of might
 i - a potion of ambrosia {unknown}
 j - 5 potions of brilliance
 k - a potion of agility
 l - 2 potions of flight {unknown}
 w - 3 potions of curing {unknown}
 z - a potion of cancellation {unknown}
 C - 4 potions of mutation {unknown}
 D - a potion of degeneration {unknown}
 I - 2 potions of lignification {unknown}
 J - a potion of invisibility {unknown}
Comestibles
 f - 17 rations


   Skills:
 + Level 11.0 Fighting
 + Level 7.8 Maces & Flails
 + Level 8.8 Armour
 - Level 3.2 Shields
 + Level 3.3 Invocations
 + Level 6.2 Evocations


You had 9 spell levels left.
You didn't know any spells.
Your spell library contained the following spells:

 Spells                   Type           Power        Failure   Level  Hunger
 Confusing Touch          Hex            #.....       36%         1    ##.....
 Summon Small Mammal      Summ           #...         36%         1    ##.....
 Call Imp                 Summ           #.......     52%         2    ###....
 Call Canine Familiar     Summ           #.......     75%         3    ####...
 Confuse                  Hex            #.......     75%         3    ####...
 Gell's Gravitas          Tloc           #.........   75%         3    ####...
 Summon Guardian Golem    Hex/Summ       #.......     75%         3    ####...
 Petrify                  Tmut/Erth      #.......     98%         4    #####..
 Summon Ice Beast         Ice/Summ       #.......     98%         4    #####..
 Summon Lightning Spire   Summ/Air       #.......     98%         4    #####..
 Metabolic Englaciation   Hex/Ice        #.........   100%        5    ######.
 Yara's Violent Unravell  Hex/Tmut       #.........   100%        5    ######.


Dungeon Overview and Level Annotations

Branches:
Dungeon (8/15)             Temple (1/1) D:5            Lair (0/6) D:8
Ossuary (visited)

Altars:
Ashenzari
Cheibriados
Dithmenos
Fedhas
Gozag
Hepliaklqana
Kikubaaqudgha
Makhleb
Nemelex Xobeh
Okawaru
Qazlal
Ru
Sif Muna
Trog
Uskayaw
Vehumet
Wu Jian
Yredelemnul
Zin
The Shining One
Beogh

Shops:
D:5 }


Innate Abilities, Weirdness & Mutations

Shadows flee at your approach. (+LOS)
You can swim through water.
You cover ground slowly.
You can hop short distances.


Message History

Aim: a hungry ghost (inner flame)
The bolt of acid hits the hungry ghost!
The hungry ghost is splashed with acid.
The acid corrodes the hungry ghost!
The hungry ghost is heavily damaged.
The bolt of acid hits the killer bee!
The killer bee is splashed with acid!
The acid corrodes the killer bee!
You kill the killer bee!
Cheibriados thoroughly appreciates the change of pace.
Your Fighting skill increases to level 11!
The hungry ghost hits you.
You are feeling very hungry.
Aiming: Corrosive Bolt
Press: ? - help, Shift-Dir - straight line, f/p - hungry ghost
Aim: a hungry ghost (heavily damaged, covered in acid, inner flame)
The bolt of acid hits the hungry ghost!
The hungry ghost is splashed with acid.
The hungry ghost seems to be corroded for longer.
The hungry ghost explodes!
The fiery explosion engulfs you!!!
Ouch! That really hurt!
You die...

#..........##PP.##...# ##
#######....)#...#....## #.
##..#...≈...#)..# #.
#....#######...#####. #####
#.......# #..)####).. #...#
#.......#####.#)<)†).
#.y#####............÷.))###
#....##......#####..#..##
#y##..#.##@### #..##..#
#y###...##§# #.#....####
#y# ##..#§§# #.#)##.....
#.####W...## #...##.....
#........########......####
....####..........######
.... #...####.#.# ....
#.#........# .....#
#.#####...## ####


There were no monsters in sight!

Vanquished Creatures
  A queen bee (D:8)
  A wyvern (D:8)
  Duvessa (D:6)
  An ice beast (D:6)
  A black bear (D:8)
  5 orc warriors
  A phantom (D:5)
  3 centaurs
  A big kobold (D:7)
  2 elf zombies (Ossuary)
  3 bullfrogs
  Dowan (D:6)
  A water moccasin skeleton (D:8)
  12 killer bees (D:8)
  3 scorpions
  3 howler monkeys
  2 wights (D:8)
  6 crimson imps
  A quasit (D:8)
  A bullfrog zombie (D:6)
  5 hounds
  A jelly (D:4)
  5 human zombies (Ossuary)
  2 orc priests
  Jessica (D:2)
  10 orc wizards
  5 worker ants
  A killer bee zombie (D:8)
  2 hound zombies (Ossuary)
  A hound skeleton (D:8)
  3 mummies (Ossuary)
  A worker ant zombie (D:5)
  Robin (D:2)
  4 adders
  9 gnolls
  A howler monkey skeleton (D:4)
  A river rat (D:5)
  A shadow imp (D:8)
  An ooze (D:2)
  2 adder zombies (Ossuary)
  3 worms
  A dart slug (D:1)
  5 leopard geckos
  44 orcs
  11 bats
  3 giant cockroaches
  A gnoll zombie (Ossuary)
  16 goblins
  12 hobgoblins
  6 jackals
  19 kobolds
  A quokka (D:5)
  4 ball pythons
  5 frilled lizards
  3 goblin zombies
  2 hobgoblin zombies (Ossuary)
  A jackal zombie (Ossuary)
  3 kobold zombies (Ossuary)
  2 orc zombies (Ossuary)
  7 quokka zombies
  17 rats
  3 rat zombies (Ossuary)
276 creatures vanquished.

Vanquished Creatures (others)
  A fungus (D:8)
1 creature vanquished.

Grand Total: 277 creatures vanquished

Notes
Turn   | Place    | Note
-------+----------+-------------------------------------------
     0 | D:1      | Nithhogg the Barachi Fighter began the quest for the Orb.
     0 | D:1      | Reached XP level 1. HP: 18/18 MP: 1/1
    79 | D:1      | Reached skill level 4 in Fighting
    79 | D:1      | Reached XP level 2. HP: 22/25 MP: 2/2
   383 | D:1      | Reached XP level 3. HP: 29/31 MP: 3/3
  1325 | D:2      | Reached XP level 4. HP: 37/38 MP: 4/4
  1332 | D:2      | Noticed Robin
  1365 | D:2      | Killed Robin
  1365 | D:2      | Reached skill level 5 in Fighting
  1612 | D:2      | Noticed Jessica
  1617 | D:2      | Killed Jessica
  1617 | D:2      | Reached XP level 5. HP: 37/44 MP: 5/5
  2383 | D:3      | Reached skill level 6 in Fighting
  2413 | D:3      | Reached XP level 6. HP: 27/52 MP: 6/6
  2701 | D:3      | Reached skill level 5 in Armour
  3898 | D:4      | Found a bloodstained altar of Trog.
  3898 | D:4      | Found an opulent altar of Gozag.
  4210 | D:5      | Entered Level 5 of the Dungeon
  4215 | D:5      | Reached skill level 7 in Fighting
  4215 | D:5      | Reached XP level 7. HP: 50/60 MP: 7/7
  4267 | D:5      | Found a sand-covered staircase.
  4282 | Ossuary  | Entered an ossuary
  4420 | Ossuary  | Reached skill level 1 in Evocations
  4755 | Ossuary  | Reached skill level 5 in Maces & Flails
  4831 | D:5      | Found a sparkling altar of Nemelex Xobeh.
  4832 | D:5      | Found a basalt altar of Yredelemnul.
  4852 | D:5      | Reached skill level 8 in Fighting
  4859 | D:5      | Reached XP level 8. HP: 64/68 MP: 9/9
  5089 | D:5      | Found Neroib's Gadget Shop.
  5098 | D:5      | Bought a wand of flame (20) for 132 gold pieces
  5350 | D:5      | Found a staircase to the Ecumenical Temple.
  6008 | D:6      | Reached skill level 9 in Fighting
  6051 | D:6      | Noticed Dowan
  6051 | D:6      | Noticed Duvessa
  6289 | D:6      | Killed Duvessa
  6289 | D:6      | Reached XP level 9. HP: 76/77 MP: 10/12
  6303 | D:6      | Killed Dowan
  6381 | D:6      | Reached skill level 10 in Fighting
  6678 | Temple   | Entered the Ecumenical Temple
  7048 | Temple   | Became a worshipper of Cheibriados the Contemplative
  7348 | D:6      | Found a glowing silver altar of Zin.
  7600 | D:7      | Reached skill level 1 in Invocations
  7730 | D:7      | Found a hide-covered altar of Uskayaw.
  7804 | D:7      | Reached skill level 5 in Evocations
  7946 | D:7      | Reached * piety under Cheibriados
  8447 | D:8      | Found a staircase to the Lair.
  8459 | D:8      | Found a roughly hewn altar of Beogh.
  8840 | D:8      | Reached XP level 10. HP: 76/86 MP: 14/14
  8845 | D:8      | Reached ** piety under Cheibriados
  9160 | D:8      | Reached *** piety under Cheibriados
  9162 | D:8      | Reached skill level 11 in Fighting
  9163 | D:8      | Killed from afar by a hungry ghost

Levels and vault maps discovered:
D:1:      dpeg_arrival_ratfight, layout_basic, minmay_tetromino_i2
D:2:      layout_basic, uniq_jessica, uniq_robin
D:3:      layout_loops_ring, first_ration
D:4:      layout_cave_pods, gammafunk_temple_overflow_wave
D:5:      layout_basic, grunt_temple_overflow_open, temple_statues,
          cheibrodos_sewer_entry_sluice, enter_ossuary_4, serial_shops, shop,
          st_stairs_5, minivault_26
D:6:      layout_cave_pools, zin_statuary, uniq_duvessa
D:7:      layout_gridville, eat_drink_and_be_merry_uskayaw, enter_bailey_2
D:8:      layout_rooms, overflow_temple_1_default, kennysheep_mini,
          dpeg_oklobed_lair, special_room [special_room_orc], david_nohive_1,
          kennysheep_generic_room_14
Temple:   eino_temple_water

Skill      XL: |  1  2  3  4  5  6  7  8  9 10 |
---------------+-------------------------------+-----
Fighting       | 4 5 6 7 8 9 10 11 | 11.0
Armour         | 4 5 6 7 8 |  8.8
Maces & Flails | 3 4 5 6 7 |  7.8
Evocations     | 2 4 5 6 |  6.2
Invocations    | 2 3 |  3.3
Shields        | |  3.2

Action                   |  1- 3 |  4- 6 |  7- 9 | 10-12 || total
-------------------------+-------+-------+-------+-------++-------
Melee: Flail             |   130 |   229 |   539 |    73 ||   971
Invok: Bend Time         |       |       |       |     2 ||     2
 Abil: Hop               |       |       |     5 |     1 ||     6
Evoke: Wand              |       |       |    29 |     6 ||    35
  Use: Scroll            |       |    11 |     7 |     2 ||    20
       Potion            |       |     2 |     3 |       ||     5
  Eat: Chunk             |     2 |    11 |     9 |     1 ||    23
       Ration            |       |       |     2 |       ||     2
Armor: Scale mail        |    67 |   114 |       |       ||   181
       Ring mail         |       |    10 |   400 |    44 ||   454
       Skin              |       |       |    13 |       ||    13
Dodge: Dodged            |    74 |   138 |   362 |    53 ||   627
Block: Other             |       |       |     7 |     9 ||    16
